[Event "Slovakian-ch Youth 2022"]
[Site "Lubovna"]
[Date "2022.05.22"]
[Round "2.16"]
[White "Janik, Marek Tobias"]
[Black "Salgovic, Simon"]
[Result "1/2-1/2"]
[ECO "A24"]
[WhiteElo "1840"]
[BlackElo "2091"]
[Annotator "TA"]
[PlyCount "84"]
[EventDate "2022.05.22"]
[EventCountry "SVK"]
[SourceTitle "playchess.com"]
[Source "ChessBase"]
[SourceQuality "1"]
[TimeControl "40/5400+30:1800+30"]

1. c4 Nf6 2. Nc3 g6 3. g3 Bg7 4. Bg2 O-O 5. e3 d6 6. Nge2 e5 7. O-O c6 {[%emt 0:03:27] 7...Nc6 is more advanced technology.} 8. f4 {[%emt 0:06:38] [#]} Nh5 $146 {[%emt 0:07:33] A24: English Opening vs King's Indian: Lines without ...Nc6.} ({Predecessor:} 8... Be6 9. d3 a5 10. h3 exf4 11. Nxf4 {½-½ (11) Serafimov,T (2398)-Gladyszev,O (2451) Belfort 2004}) 9. Qc2 f5 10. b3 Be6 11. Bb2 Nd7 12. Rad1 Qc7 13. d4 Bf7 (13... Nhf6 $11) 14. Kh1 (14. e4 $14) 14... Rfe8 (14... Ndf6 $11) 15. e4 $16 fxe4 (15... exf4 $16 16. Nxf4 (16. exf5 fxg3 17. Nxg3 Nxg3+ 18. hxg3 Nf6 $11) 16... Nxf4 17. Rxf4 (17. gxf4 Nf6 $14) 17... Nf6) 16. Nxe4 (16. dxe5 $1 $18 dxe5 17. Nxe4) 16... exf4 17. Nxf4 Nxf4 18. Rxf4 ({Don't play} 18. gxf4 Nf6) 18... d5 {[%emt 0:02:45] [#]} 19. Ng5 (19. Rdf1 $142 $1) 19... Nf6 20. Rdf1 Qe7 21. Nxf7 {[%emt 0:01:10] White is more active.} (21. Qf2 $16) 21... Qxf7 $14 22. cxd5 cxd5 23. Qf2 {[%emt 0:01:59] aiming for Kg1.} Rac8 $1 24. g4 {[%emt 0:03:29] Black must now prevent g5.} g5 25. Rf5 Qg6 26. h3 Ne4 27. Bxe4 dxe4 28. Qe3 Rc2 29. Ba1 (29. R1f2 $11 Rxf2 30. Rxf2) 29... Qd6 (29... Qa6 $17 30. a4 h6) 30. R5f2 (30. R1f2 $11 {remains equal.} Qc7 31. Bb2 (31. Qxg5 $2 e3 $19)) 30... Rxf2 (30... Qa6 $17 31. Kg1 (31. Qxg5 $2 Rxf2 32. Rxf2 e3 $19) 31... Rxa2) 31. Rxf2 h6 32. Kg2 Qd5 33. Rf5 Qc6 34. d5 Qa6 (34... Qc2+ $11 35. Rf2 Qd3 36. Qxd3 exd3 37. Bxg7 Kxg7) 35. Bxg7 $18 Kxg7 {[%emt 0:00:26][%mdl 4096] Endgame [#] KQR-KQR} 36. Qd4+ $1 Kg8 37. Qf6 $2 (37. Rf6 $18 Qxa2+ 38. Rf2) 37... Qxf6 $11 38. Rxf6 {[%emt 0:00:01] Hoping for d6.} Kg7 39. Rd6 {[%emt 0:01:28] White wants to play Kf2.} e3 {[%emt 0:00:34] And now ...e2 would win.} 40. Kf1 e2+ 41. Ke1 Re7 {[%emt 0:03:22] Inhibits Rd7.} 42. a4 (42. b4 $16) 42... Kh7 $2 {[%emt 0:07:34] Weighted Error Value: White=0.45/Black=0.45} (42... b6 $1 $11 {and Black has nothing to worry.}) 1/2-1/2

[Event "Slovakian-ch Youth 2022"]
[Site "Lubovna"]
[Date "2022.05.22"]
[Round "2.16"]
[White "Otahal, Kristian"]
[Black "Krivosik, Matus"]
[Result "0-1"]
[ECO "B12"]
[WhiteElo "1000"]
[BlackElo "1224"]
[Annotator "NA COMBH"]
[PlyCount "58"]
[EventDate "2022.05.22"]
[EventCountry "SVK"]
[SourceTitle "playchess.com"]
[Source "ChessBase"]
[SourceQuality "1"]
[TimeControl "40/5400+30:1800+30"]

1. e4 c6 2. d4 d5 3. e5 c5 4. Nf3 Bg4 5. Be2 Nc6 6. dxc5 e6 7. Be3 Bxf3 8. Bxf3 Nxe5 9. Nd2 g5 10. O-O d4 11. Bxd4 Qxd4 12. Nb3 Qxd1 13. Raxd1 Nxf3+ 14. gxf3 Rc8 15. Na5 Rxc5 16. Nxb7 Rxc2 17. Rd8+ Ke7 18. Rfd1 Rc7 19. Rb8 Bg7 20. b3 Nf6 21. Nd8 Nd5 22. Rxd5 exd5 23. Nc6+ Rxc6 24. Rb4 d4 25. Rb7+ Ke6 26. Rxa7 Rc1+ 27. Kg2 Rhc8 28. Ra6+ R8c6 29. Rxc6+ Rxc6 0-1

[Event "Slovakian-ch Youth 2022"]
[Site "Lubovna"]
[Date "2022.05.22"]
[Round "2.17"]
[White "Skreko, Igor"]
[Black "Sevcik, Matej"]
[Result "1-0"]
[ECO "D12"]
[WhiteElo "2065"]
[BlackElo "1820"]
[Annotator "TA"]
[PlyCount "69"]
[EventDate "2022.05.22"]
[EventCountry "SVK"]
[SourceTitle "playchess.com"]
[Source "ChessBase"]
[SourceQuality "1"]
[TimeControl "40/5400+30:1800+30"]

1. d4 d5 2. c4 c6 3. Nf3 Nf6 4. e3 Bf5 5. Nc3 e6 6. Nh4 Be4 7. f3 Bg6 {[%emt 0:00:04] D12: Slav Defence: 3 Nf3 Nf6 4 e3 Bf5.} 8. Bd2 Be7 9. Nxg6 hxg6 {[%emt 0:00:06] The position is equal.} 10. Qc2 Nbd7 11. O-O-O Qc7 12. cxd5 exd5 {[%emt 0:02:47] [#]} 13. g3 $146 ({Predecessor:} 13. h3 O-O-O 14. Kb1 Kb8 15. Rc1 Rc8 16. Na4 Ka8 17. Qb3 Qd6 18. Bd3 {1-0 (37) Nasshan,D (2348)-Mohammad,S (2352) Germany 2017}) 13... O-O (13... Nf8 $14) 14. g4 $16 Rfc8 15. h4 b5 16. h5 g5 {[%emt 0:03:38] [#]} 17. Kb1 $1 Nb6 {[%emt 0:05:41] [#]} (17... b4 $16) 18. Bd3 $1 $18 Bf8 19. Bf5 Nc4 20. Bxc8 Rxc8 21. Bc1 c5 22. b3 $2 (22. Nxb5 Qb6 $11) (22. dxc5 $18 Qe5 23. Qd3 (23. Nxb5 Rb8 $14)) 22... cxd4 (22... Nd6 $14) 23. bxc4 $2 (23. Nxb5 $18 Qb8 24. Qf5 (24. bxc4 Rxc4 25. Qb2 Rb4 $11) (24. Nxd4 Na3+ 25. Bxa3 Rxc2 $14) (24. exd4 Qxb5 25. Qd3 Qb4 $15) 24... Nxe3 25. Bxe3 dxe3 26. Nd4) 23... Qxc4 {[%emt 0:08:49][%mdl 8192] [#]} (23... dxc3 $11 {and Black has nothing to worry.} 24. cxd5 Qe5) 24. Rxd4 $1 Qxc3 25. Qxc3 Rxc3 26. Bd2 Rc6 27. Rc1 Rxc1+ 28. Bxc1 {[%emt 0:00:45][%mdl 4096] Endgame KRB-KBN} Bd6 29. Rd3 {[%emt 0:01:00] White is clearly winning.} Be5 30. Ba3 a5 31. Be7 b4 32. Bxf6 Bxf6 33. Rxd5 a4 34. Ra5 b3 35. a3 {[%emt 0:00:55] Weighted Error Value: White=0.29 (precise) /Black=0.65} 1-0

[Event "Slovakian-ch Youth 2022"]
[Site "Lubovna"]
[Date "2022.05.22"]
[Round "2.18"]
[White "Koska, Jiri"]
[Black "Sandor, Samuel"]
[Result "0-1"]
[ECO "C55"]
[WhiteElo "1759"]
[BlackElo "2054"]
[Annotator "TA"]
[PlyCount "118"]
[EventDate "2022.05.22"]
[EventCountry "SVK"]
[SourceTitle "playchess.com"]
[Source "ChessBase"]
[SourceQuality "1"]
[TimeControl "40/5400+30:1800+30"]

1. e4 e5 2. Nf3 Nc6 3. Bc4 Nf6 4. d3 Be7 5. c3 O-O 6. O-O d6 7. a4 {[%emt 0:00:18] 7.Re1 gains popularity. C55: Two Knights: 4 d3, 4 d4 exd4 5 e5 and Max Lange Attack.} Na5 8. Ba2 c5 9. b4 {[%emt 0:04:10] White is slightly better.} cxb4 10. cxb4 Nc6 11. b5 Nb8 12. Nc3 {[%emt 0:14:47] [#]} h6 $146 ({Predecessor:} 12... Nbd7 13. Re1 Nc5 14. d4 exd4 15. Nxd4 Ng4 16. f4 Bh4 17. g3 Be7 18. h3 Nf6 {1-0 (34) Segovic,G (2301)-Bender,I (2212) Slovenia 2019}) 13. h3 Re8 14. Be3 (14. Qb3 Be6 15. Qb1 Bxa2 16. Rxa2 Bf8 $11) 14... Bf8 15. Re1 ({Don't take} 15. Qb3 Be6 16. Qb2 Bxa2 17. Qxa2 (17. Rxa2 d5 $11) 17... Nbd7 $11) (15. d4 $16) 15... Be6 $14 16. d4 (16. Bxe6 $14 {is superior.} Rxe6 17. d4) 16... exd4 17. Bxd4 Nbd7 18. Bxf6 (18. Bxe6 $14 fxe6 19. Rc1) 18... Nxf6 $11 19. Nd5 Rc8 20. Qd4 Rc5 21. Rac1 Nxd5 ({But not} 21... Nxe4 22. Qxe4 Bxd5 23. Qxe8 $14) 22. Bxd5 Qc7 23. Rxc5 dxc5 24. Qc4 Qf4 25. Bxe6 Rxe6 26. Qc2 b6 27. a5 (27. e5 $11 {remains equal.}) 27... g6 (27... bxa5 $17 28. Qc4 Be7) 28. axb6 axb6 29. Qd2 ({Better is} 29. e5 $11) 29... Qf6 ({Black should play} 29... Rxe4 $17 {...Qxd2 is the strong threat.} 30. Qxf4 Rxf4) 30. Qc2 Bg7 31. Nd2 Qh4 32. Nf3 Qf4 33. Qd2 {[%emt 0:00:31] Black keeps a firm grip on the game.} (33. Re3 $11) 33... Qxd2 $17 ({Not} 33... Rxe4 34. Qd8+ Kh7 35. Rxe4 Qxe4 36. Qxb6 $15) 34. Nxd2 {[%emt 0:00:04][%mdl 4096] Endgame KRB-KRN} Bc3 35. Re2 Bxd2 36. Rxd2 Rxe4 {[%emt 0:00:09] Strongly threatening ...Rb4. KR-KR} 37. Rd6 {[%emt 0:00:46] [#]} Re6 $1 38. Rc6 (38. Rd8+ $17 Kg7 39. Kf1) 38... Kg7 39. Kh2 $2 {[%emt 0:00:44] [#]} (39. Kf1 $17) 39... Kf6 $1 $19 {[%emt 0:00:20] And now ...Rxc6 would win.} 40. Rc7 Rd6 41. f3 Ke6 42. Kg3 f5 (42... Kd5 $142 43. Rxf7 Kc4) 43. Rh7 (43. f4 $142) 43... h5 44. Rg7 Kd5 45. Rc7 Ke5 {[%emt 0:05:42] White must now prevent ...f4+.} 46. Rc8 (46. h4 $142) 46... f4+ 47. Kh2 (47. Kf2 $142 Rd2+ 48. Kf1) 47... Kd4 48. Rc6 Kd5 49. Rc7 g5 50. Rc8 Kd4 {[%emt 0:00:00] Hoping for ...c4.} 51. Rc6 Rd5 52. Rxb6 c4 {[%emt 0:00:00] ( -> ...c3)} 53. Kg1 Kd3 54. Kf1 c3 55. Rc6 Rxb5 56. Rd6+ Kc2 57. Ke2 Re5+ 58. Kf2 Kc1 59. Rc6 c2 {[%emt 0:00:00] Weighted Error Value: White=0.73/Black=0.16 (very precise)} (59... Re3 $142 60. h4 gxh4) 0-1

[Event "Slovakian-ch Youth 2022"]
[Site "Lubovna"]
[Date "2022.05.22"]
[Round "2.19"]
[White "Lovcican, Tomas"]
[Black "Vojtas Marek"]
[Result "1-0"]
[ECO "B38"]
[WhiteElo "2024"]
[BlackElo "1000"]
[Annotator "TA"]
[PlyCount "53"]
[EventDate "2022.05.22"]
[EventCountry "SVK"]
[SourceTitle "playchess.com"]
[Source "ChessBase"]
[SourceQuality "1"]
[TimeControl "40/5400+30:1800+30"]

1. e4 c5 2. Nf3 Nc6 3. d4 cxd4 4. Nxd4 g6 5. c4 Bg7 6. Be3 e6 7. Nc3 a6 8. Be2 Nge7 9. O-O O-O {[%emt 0:00:43] B38: Sicilian: Maroczy Bind with 5...Bg7 and 7...0-0.} 10. Qd2 d5 11. cxd5 exd5 {[%emt 0:00:50] White is slightly better.} 12. Nxc6 bxc6 {[%emt 0:00:25] [#]} 13. Bc5 $146 ({Predecessor:} 13. exd5 Nxd5 14. Nxd5 Qxd5 15. Qxd5 cxd5 16. Rad1 Bxb2 17. Bf3 Be6 18. Bxd5 Bxd5 19. Rxd5 {½-½ (19) Klimchuk,A (2411)-Semenov,D (2420) Kiev 2017}) 13... Re8 14. Rad1 Bb7 (14... Be6 $11) 15. Rfe1 {[%emt 0:07:14] White is more active.} Bxc3 $2 {[%emt 0:09:46] [#]} (15... Qa5 $16 16. Bd4 Bxd4 17. Qxd4 Rac8) 16. Qxc3 $18 (16. bxc3 $6 Qa5 17. Bd4 dxe4 $16) 16... Nc8 17. Bf3 {[%emt 0:07:07] A strong pair of Bishops.} Nd6 18. Qb4 ({Resist} 18. exd5 $6 cxd5 19. Bxd5 Bxd5 $16) 18... a5 19. Qb3 $36 {[%emt 0:01:00][%mdl 2048] [#] Bxd6 is the strong threat. White is on the roll.} a4 $2 {[%emt 0:08:31][%mdl 8192] A mistake that costs the game.} (19... Rb8 $16 20. a4 (20. exd5 Rxe1+ 21. Rxe1 cxd5 $16) 20... Re6) 20. Qb4 Nb5 21. exd5 Rxe1+ 22. Rxe1 Qd7 23. Re7 Qf5 24. Qe4 Ba6 (24... Qxe4 $18 25. Bxe4 cxd5 26. Rxb7 dxe4 27. Rxb5 f5) 25. Re8+ {[%emt 0:01:00] White mates.} Rxe8 26. Qxe8+ Kg7 27. Bf8+ {[%emt 0:00:06] Weighted Error Value: White=0.46/Black=1.10} 1-0

[Event "Slovakian-ch Youth 2022"]
[Site "Lubovna"]
[Date "2022.05.22"]
[Round "2.20"]
[White "Ondrejcak Gregor"]
[Black "Paluska, Karol"]
[Result "0-1"]
[ECO "B13"]
[WhiteElo "1000"]
[BlackElo "2006"]
[Annotator "TA"]
[PlyCount "46"]
[EventDate "2022.05.22"]
[EventCountry "SVK"]
[SourceTitle "playchess.com"]
[Source "ChessBase"]
[SourceQuality "1"]
[TimeControl "40/5400+30:1800+30"]

1. e4 c6 2. Nf3 d5 3. exd5 cxd5 4. d4 Nc6 5. Nc3 Bg4 6. h3 Bh5 7. Be2 e6 8. O-O Nf6 9. Bg5 Be7 10. Re1 {[%emt 0:00:37] B13: Caro-Kann: Exchange Variation and Panov-Botvinnik Attack.} O-O 11. Bxf6 (11. Ne5 $11 {remains equal.} Bxe2 12. Nxe2) 11... Bxf6 $17 12. Ne5 {[%emt 0:00:41] [#] Black is slightly better.} Bg6 $146 (12... Bxe2 $17 13. Rxe2 Bxe5 14. dxe5 Qb6) ({Predecessor:} 12... Bxe2 13. Rxe2 Qc7 14. f4 Qb6 15. Nd7 Bxd4+ 16. Kh2 Qxb2 17. Nxf8 Qxc3 18. Nxh7 Qxa1 {0-1 (25) Farhat,M-Berti Neto,P (1675) Foz do Iguacu 2011}) 13. Nxg6 (13. Nxc6 $1 $11 bxc6 14. Na4) 13... hxg6 14. Bf3 (14. Qd2 $17) 14... Nxd4 $19 15. g3 Rc8 16. Bg2 Nf5 17. Nb5 (17. Ne2 $142) 17... a6 18. Na3 {[%emt 0:02:06] [#]} (18. Nc3) 18... Bxb2 19. Rb1 Bxa3 20. Rxb7 Rb8 21. Rb3 Rxb3 22. axb3 Qb6 23. Kh1 Qxf2 {[%emt 0:00:17] Weighted Error Value: White=1.18/Black=0.14 (very precise)} 0-1

[Event "Slovakian-ch Youth 2022"]
[Site "Lubovna"]
[Date "2022.05.22"]
[Round "2.21"]
[White "Horvath, Marek"]
[Black "Papp, Gabor"]
[Result "1-0"]
[ECO "D35"]
[WhiteElo "1801"]
[BlackElo "2564"]
[Annotator "TA"]
[PlyCount "99"]
[EventDate "2022.05.22"]
[EventCountry "SVK"]
[SourceTitle "playchess.com"]
[Source "ChessBase"]
[SourceQuality "1"]
[TimeControl "40/5400+30:1800+30"]

1. d4 d5 2. c4 e6 3. Nf3 Nf6 4. Nc3 Be7 5. Bg5 Nbd7 6. e3 O-O 7. Bd3 c6 8. cxd5 exd5 9. O-O Re8 10. Nd2 {[%emt 0:12:37] D35: Queen's Gambit Declined: Exchange Variation.} Nf8 11. Rb1 {[%emt 0:01:12] [#]} Be6 $146 ({Predecessor:} 11... a5 12. a3 Ng6 13. b4 h6 14. Bxf6 Bxf6 15. Qc2 Nf8 16. b5 Qd6 17. bxc6 bxc6 {1-0 (31) Li,X (2167)-Latifah,L (1897) Chess.com INT 2021}) 12. b4 {[%emt 0:00:31] White has an edge.} a6 (12... h6 $5 13. Bxf6 Bxf6 $11) 13. a4 Qd7 14. b5 axb5 15. axb5 Bf5 16. bxc6 bxc6 17. Nf3 Bxd3 18. Qxd3 Ne4 19. Ne5 (19. Nxe4 $2 dxe4 20. Qxe4 Bxg5 $17) 19... Qe6 20. Bxe7 ({Worse is} 20. Nxe4 dxe4 21. Qxe4 Bxg5 $17) 20... Rxe7 ({Black should play} 20... Qxe7 $14 21. Qc2 (21. Nxe4 dxe4 22. Qc2 c5 $14) (21. Nxc6 Qa3 $17) 21... Nxc3 22. Qxc3 c5) 21. Nxe4 $16 dxe4 22. Qxe4 f6 {[%emt 0:02:53] This move loses the game for Black.} (22... Rc8 $16) 23. Qxc6 $18 Ra6 24. Qxe6+ Raxe6 25. Nd3 Nd7 26. Rfc1 Nb6 27. Rb5 Kf7 28. Nc5 Rc6 29. Rcb1 Nd5 30. Rb7 Rxb7 31. Rxb7+ Rc7 32. Rxc7+ Nxc7 {[%emt 0:00:02][%mdl 4096] Endgame KN-KN} 33. Kf1 Ke7 34. Ke2 Kd6 35. Kd3 f5 36. f3 Nd5 37. g3 g6 38. e4 Nb4+ (38... Nb6 $142 39. h3 Nc8) 39. Kc4 Nc2 40. e5+ Ke7 41. d5 Ne3+ 42. Kd4 Nf1 43. d6+ {[%emt 0:00:14] White mates.} Kd8 44. e6 Nxh2 45. e7+ Ke8 46. Ne6 Nxf3+ 47. Kd5 h5 48. Nc7+ Kf7 49. e8=Q+ Kg7 50. Ne6+ {[%emt 0:00:29] Weighted Error Value: White=0.07 (flawless) /Black=0.65} 1-0

[Event "Slovakian-ch Youth 2022"]
[Site "Lubovna"]
[Date "2022.05.22"]
[Round "2.22"]
[White "Rakovsky, Jakub"]
[Black "Baron, Patrik"]
[Result "1-0"]
[ECO "B12"]
[WhiteElo "1888"]
[BlackElo "1740"]
[Annotator "NA RC COMBH"]
[PlyCount "107"]
[EventDate "2022.05.22"]
[EventCountry "SVK"]
[SourceTitle "playchess.com"]
[Source "ChessBase"]
[SourceQuality "1"]
[TimeControl "40/5400+30:1800+30"]

1. e4 c6 2. d4 d5 3. e5 Bf5 4. h4 h5 5. Bd3 Bxd3 6. Qxd3 e6 7. Ne2 c5 8. c3 Nc6 9. a3 c4 10. Qd1 Nge7 11. Ng3 Na5 12. Nd2 Rc8 13. Nxh5 Nf5 14. g3 Be7 15. Qf3 Kd7 16. g4 Nxh4 17. Qxf7 Qf8 18. Qxf8 Rcxf8 19. Ke2 g6 20. Ng3 g5 21. Nh5 Rf7 22. Rb1 Rhf8 23. Rf1 Ng6 24. f3 Nh4 25. b3 cxb3 26. Nxb3 Nc4 27. Nf6+ Bxf6 28. exf6 Rxf6 29. Bxg5 Rxf3 30. Nc5+ Kc6 31. Rxf3 Nxf3 32. Rf1 Nxd4+ 33. cxd4 Rxf1 34. Kxf1 e5 35. Nb3 b6 36. Bc1 a5 37. Ke2 a4 38. Nd2 exd4 39. Nf3 Kc5 40. Kd3 Nd6 41. Nxd4 b5 42. Bd2 Ne4 43. Bb4+ Kb6 44. Ke3 Nf6 45. g5 Nh7 46. g6 Nf6 47. Kf4 Ng8 48. Ke5 Nh6 49. g7 Ng8 50. Nf5 Kc7 51. Ne7 Nh6 52. Bd2 Kd7 53. Bxh6 Kxe7 54. g8=Q 1-0

[Event "Slovakian-ch Youth 2022"]
[Site "Lubovna"]
[Date "2022.05.22"]
[Round "2.23"]
[White "Lakota, Jan"]
[Black "Orgon, Patrik"]
[Result "0-1"]
[ECO "B01"]
[WhiteElo "1488"]
[BlackElo "1721"]
[Annotator "NA COMBH"]
[PlyCount "44"]
[EventDate "2022.05.22"]
[EventCountry "SVK"]
[SourceTitle "playchess.com"]
[Source "ChessBase"]
[SourceQuality "1"]
[TimeControl "40/5400+30:1800+30"]

1. e4 d5 2. exd5 Qxd5 3. Nc3 Qa5 4. d4 Nf6 5. Nf3 Bf5 6. Bd2 c6 7. Bc4 Qc7 8. Ne5 e6 9. h4 h5 10. Qf3 Nbd7 11. Bf4 Nxe5 12. Qg3 O-O-O 13. Bxe5 Bd6 14. O-O-O Bxe5 15. dxe5 Ng4 16. Rhe1 Qb6 17. f4 Rxd1+ 18. Nxd1 Qd4 19. Bb3 Rd8 20. Ne3 Qd2+ 21. Kb1 Nxe3 22. Qxe3 Qxe3 0-1

[Event "Slovakian-ch Youth 2022"]
[Site "Lubovna"]
[Date "2022.05.22"]
[Round "2.24"]
[White "Jurky, Marian"]
[Black "Tokarcik, Patrik"]
[Result "1-0"]
[ECO "B07"]
[WhiteElo "1689"]
[BlackElo "1591"]
[Annotator "NA COMBH"]
[PlyCount "73"]
[EventDate "2022.05.22"]
[EventCountry "SVK"]
[SourceTitle "playchess.com"]
[Source "ChessBase"]
[SourceQuality "1"]
[TimeControl "40/5400+30:1800+30"]

1. e4 d6 2. d4 Nf6 3. Nc3 g6 4. Be3 Bg7 5. Qd2 h6 6. f3 c6 7. a4 Qa5 8. Nge2 Nbd7 9. Nc1 Qc7 10. Nb3 a5 11. Be2 Nb6 12. d5 cxd5 13. Nb5 Qd8 14. Bxb6 Qxb6 15. exd5 O-O 16. c4 Nd7 17. Rc1 Nc5 18. Nxc5 Qxc5 19. h4 Bd7 20. g4 Qb4 21. Qxb4 axb4 22. b3 Rfc8 23. Kd2 Bxb5 24. cxb5 Rc3 25. Rxc3 bxc3+ 26. Kc2 b6 27. Ra1 e6 28. dxe6 fxe6 29. b4 Bd4 30. a5 bxa5 31. bxa5 d5 32. Ra4 e5 33. Rxd4 exd4 34. a6 Re8 35. Bd3 Re1 36. a7 Ra1 37. b6 1-0

[Event "Slovakian-ch Youth 2022"]
[Site "Lubovna"]
[Date "2022.05.22"]
[Round "2.25"]
[White "Volanek, Maros"]
[Black "Filo, David"]
[Result "1-0"]
[ECO "E12"]
[WhiteElo "1458"]
[BlackElo "1653"]
[Annotator "NA COMBH"]
[PlyCount "89"]
[EventDate "2022.05.22"]
[EventCountry "SVK"]
[SourceTitle "playchess.com"]
[Source "ChessBase"]
[SourceQuality "1"]
[TimeControl "40/5400+30:1800+30"]

1. d4 Nf6 2. Nf3 e6 3. c4 b6 4. Bf4 Bb7 5. e3 Be7 6. Nc3 d6 7. Be2 Nbd7 8. O-O O-O 9. Rc1 Nh5 10. Bg3 Nxg3 11. hxg3 f5 12. Qb3 Rf6 13. Rfd1 Qe8 14. Ng5 Kh8 15. c5 Nf8 16. Nb5 Qd8 17. cxd6 Bxd6 18. Bc4 Qe7 19. d5 e5 20. Ne6 Nxe6 21. dxe6 f4 22. gxf4 exf4 23. Nxd6 cxd6 24. exf4 Rxf4 25. Bd5 Bxd5 26. Qxd5 Re8 27. Qxd6 Rff8 28. Qxe7 Rxe7 29. Rc6 g6 30. Rd7 Rfe8 31. Rcc7 Rxe6 32. Rxh7+ Kg8 33. Rcg7+ Kf8 34. Rxa7 Kg8 35. Rhg7+ Kh8 36. g3 Rc8 37. Rgc7 Rb8 38. Rcb7 Rc8 39. Ra6 Rg8 40. Rbxb6 Re1+ 41. Kg2 Kh7 42. b3 Rb1 43. Rf6 Rg7 44. Rf4 Rb2 45. Rh4+ 1-0

[Event "Slovakian-ch Youth 2022"]
[Site "Lubovna"]
[Date "2022.05.22"]
[Round "2.26"]
[White "Sustek, Adam"]
[Black "Havalda, Samuel"]
[Result "1-0"]
[ECO "C24"]
[WhiteElo "1636"]
[BlackElo "1465"]
[Annotator "NA COMBH"]
[PlyCount "64"]
[EventDate "2022.05.22"]
[EventCountry "SVK"]
[SourceTitle "playchess.com"]
[Source "ChessBase"]
[SourceQuality "1"]
[TimeControl "40/5400+30:1800+30"]

1. e4 e5 2. Nf3 Nc6 3. Bc4 Nf6 4. d3 d5 5. exd5 Nxd5 6. h3 Be6 7. O-O Qd7 8. Re1 Bd6 9. Bb5 f6 10. d4 O-O-O 11. c4 Bxh3 12. gxh3 Qxh3 13. Bxc6 bxc6 14. cxd5 e4 15. Rxe4 g5 16. dxc6 Rde8 17. Qe2 Kd8 18. Rxe8+ Rxe8 19. Be3 g4 20. Qf1 Qxf3 21. Nd2 Qf5 22. Nc4 h5 23. Nxd6 cxd6 24. c7+ Kxc7 25. Qc4+ Kd8 26. Rc1 Ke7 27. Qc7+ Ke6 28. Re1 Qb5 29. Bd2+ Kd5 30. Qf7+ Kxd4 31. Bc3+ Kc5 32. Qxe8 Qxe8 1-0

[Event "Slovakian-ch Youth 2022"]
[Site "Lubovna"]
[Date "2022.05.22"]
[Round "2.27"]
[White "Durovka, Marek"]
[Black "Ziman, Damian"]
[Result "1-0"]
[ECO "E51"]
[WhiteElo "1827"]
[BlackElo "1293"]
[Annotator "NA RC COMBH"]
[PlyCount "49"]
[EventDate "2022.05.22"]
[EventCountry "SVK"]
[SourceTitle "playchess.com"]
[Source "ChessBase"]
[SourceQuality "1"]
[TimeControl "40/5400+30:1800+30"]

1. Nf3 Nc6 2. d4 d5 3. c4 e6 4. Nc3 Nf6 5. e3 Bd6 6. a3 dxc4 7. Bxc4 O-O 8. Bb5 Bd7 9. e4 e5 10. Bxc6 Bxc6 11. dxe5 Be7 12. Qxd8 Raxd8 13. exf6 Bxf6 14. Nd2 Rfe8 15. f3 Bh4+ 16. g3 Bf6 17. O-O b6 18. Nb3 Bb7 19. Bf4 Ba6 20. Rfd1 Rc8 21. Nd4 c6 22. Rac1 Red8 23. e5 Be7 24. Ne4 Bf8 25. Rd2 1-0

[Event "Slovakian-ch Youth 2022"]
[Site "Lubovna"]
[Date "2022.05.22"]
[Round "2.28"]
[White "Shykhnenko, Hryhorii"]
[Black "Meszaros, Casey Ryan"]
[Result "0-1"]
[ECO "C29"]
[WhiteElo "1284"]
[BlackElo "1757"]
[Annotator "NA RC COMBH"]
[PlyCount "48"]
[EventDate "2022.05.22"]
[EventCountry "SVK"]
[SourceTitle "playchess.com"]
[Source "ChessBase"]
[SourceQuality "1"]
[TimeControl "40/5400+30:1800+30"]

1. e4 e5 2. Nc3 Nf6 3. f4 d5 4. fxe5 Nxe4 5. Nxe4 dxe4 6. g3 Qd5 7. Bg2 Qxe5 8. Qe2 Bf5 9. d3 Bb4+ 10. Kf1 Nc6 11. c3 O-O-O 12. cxb4 Rxd3 13. Bf4 Qb5 14. Be3 Ne5 15. Ke1 Bg4 16. Bh3 f5 17. Bxg4 Nxg4 18. Bf4 Qxb4+ 19. Kf1 Rhd8 20. Nh3 Rd2 21. Bxd2 Rxd2 22. Qe1 Qc4+ 23. Kg1 Qd4+ 24. Kf1 Ne3+ 0-1

[Event "Slovakian-ch Youth 2022"]
[Site "Lubovna"]
[Date "2022.05.22"]
[Round "2.29"]
[White "Bilik, Matej"]
[Black "Boros, David"]
[Result "1-0"]
[ECO "B17"]
[WhiteElo "1553"]
[BlackElo "1173"]
[Annotator "NA RC COMBH"]
[PlyCount "65"]
[EventDate "2022.05.22"]
[EventCountry "SVK"]
[SourceTitle "playchess.com"]
[Source "ChessBase"]
[SourceQuality "1"]
[TimeControl "40/5400+30:1800+30"]

1. e4 c6 2. d4 d5 3. Nc3 dxe4 4. Nxe4 Nd7 5. Qe2 Qc7 6. g3 g6 7. Bf4 Qa5+ 8. Bd2 Qc7 9. O-O-O b6 10. Bf4 e5 11. dxe5 Nxe5 12. Bxe5 Qxe5 13. Nf6+ Ke7 14. Qxe5+ Be6 15. Nxg8+ Rxg8 16. Qc7+ Ke8 17. Qxc6+ Ke7 18. Qc7+ Kf6 19. Qf4+ Ke7 20. Bc4 Bxc4 21. Qxc4 Rd8 22. Rxd8 Kxd8 23. Qxf7 Rh8 24. Qf6+ Ke8 25. Qxh8 Kd8 26. Qxf8+ Kd7 27. Qf6 Kc8 28. Qe7 Kb8 29. Qd7 a5 30. Nf3 a4 31. Nd4 a3 32. Nc6+ Ka8 33. Qa7# 1-0

[Event "Slovakian-ch Youth 2022"]
[Site "Lubovna"]
[Date "2022.05.22"]
[Round "2.30"]
[White "Papay Aurel"]
[Black "Dolnik, Michal"]
[Result "0-1"]
[ECO "B33"]
[WhiteElo "1000"]
[BlackElo "1548"]
[Annotator "NA COMBH"]
[PlyCount "78"]
[EventDate "2022.05.22"]
[EventCountry "SVK"]
[SourceTitle "playchess.com"]
[Source "ChessBase"]
[SourceQuality "1"]
[TimeControl "40/5400+30:1800+30"]

1. e4 c5 2. Nf3 Nc6 3. d4 cxd4 4. Nxd4 Nf6 5. Nc3 a6 6. Bf4 d6 7. Bg3 g6 8. Bc4 e6 9. O-O Nh5 10. Qd3 Nxg3 11. fxg3 Qb6 12. Nce2 Bg7 13. Rad1 Ne5 14. Qc3 O-O 15. Kh1 Bd7 16. Nf4 Nxc4 17. Qxc4 Rac8 18. Qd3 e5 19. Nd5 Qxd4 20. Ne7+ Kh8 21. Qxd4 exd4 22. Nxc8 Rxc8 23. Rxf7 Bg4 24. Rd2 Bh6 25. Rxd4 Rxc2 26. h3 Be3 27. Rxd6 Rc1+ 28. Kh2 Bg1+ 29. Kh1 Bc5+ 30. Kh2 Bxd6 31. hxg4 b6 32. Rb7 Bc5 33. Rd7 Re1 34. Rd8+ Kg7 35. Re8 Kh6 36. e5 Kg5 37. e6 Kxg4 38. a4 Bg1+ 39. Kh1 Bf2+ 0-1

[Event "Slovakian-ch Youth 2022"]
[Site "Lubovna"]
[Date "2022.05.22"]
[Round "2.31"]
[White "Ropovik, Samuel"]
[Black "Hudak, Michal"]
[Result "1-0"]
[ECO "B50"]
[WhiteElo "1453"]
[BlackElo "1169"]
[Annotator "NA COMBH"]
[PlyCount "51"]
[EventDate "2022.05.22"]
[EventCountry "SVK"]
[SourceTitle "playchess.com"]
[Source "ChessBase"]
[SourceQuality "1"]
[TimeControl "40/5400+30:1800+30"]

1. e4 c5 2. Nf3 e6 3. b3 Nc6 4. Bb2 d6 5. d4 cxd4 6. Nxd4 Nxd4 7. Bxd4 Nf6 8. Nc3 e5 9. Be3 Be6 10. f3 a6 11. g4 d5 12. exd5 Bxd5 13. Nxd5 Nxd5 14. Bd2 Bc5 15. Qe2 Qf6 16. O-O-O O-O 17. Qe4 Rfd8 18. Bc4 Ba3+ 19. Kb1 Nc3+ 20. Bxc3 Rxd1+ 21. Rxd1 Rd8 22. Rxd8+ Qxd8 23. Qd5 Qf6 24. Qxe5 Qh6 25. Qe8+ Bf8 26. Qxf7+ 1-0